 Dungeon Crawl Stone Soup version 0.31.0-32-g396128a36d (webtiles) character file.

Game seed: 6750581044398146191

11552 Zhilex the Mimic (level 11, 0/97 HPs)
             Began as a Grey Draconian Shapeshifter on Mar 27, 2024.
             Was a Believer of Kikubaaqudgha.
             Shot with an arrow by a centaur warrior (16 damage)
             ... on level 10 of the Dungeon.
             The game lasted 00:23:30 (10701 turns).

Zhilex the Mimic (Grey Draconian Shapeshifter)     Turns: 10701, Time: 00:23:31

Health: 0/97       AC: 13    Str: 24    XL:     11   Next: 50%
Magic:  11/11      EV: 16    Int: 14    God:    Kikubaaqudgha [**....]
Gold:   454        SH:  0    Dex: 10    Spells: 7/10 levels left

rFire   + . .        m - melded +0 dagger (drain)
rCold   + . .        (shield currently unavailable)
rNeg    . . .        (body armour unavailable)
rPois   .            (helmet restricted)
rElec   .            D - +0 cloak of Fuomem {rF+}
rCorr   .            (no gloves)
SInv    .            (no boots)
Will    .....        (no amulet)
Stlth   +            C - ring of protection from cold
HPRegen 0.36/turn    S - +6 ring of strength
MPRegen 0.12/turn

%: no passive effects
@: about to teleport, flux-form, fugue, slowed, glowing, very slow
A: glow, contaminating, AC +12, amphibious, unfitting armour, cold-blooded
a: Begin Untransformation, Renounce Religion, Unearth Wretches


You were on level 10 of the Dungeon.
You worshipped Kikubaaqudgha.
Kikubaaqudgha was pleased with you.
You were something dangerously unstable.
You visited 2 branches of the dungeon, and saw 11 of its levels.

You collected 454 gold pieces.


Innate Abilities, Weirdness & Mutations

You are something dangerously unstable.
You glow with magical radiation, making you easy to see and hit.
Foes you strike become dangerously contaminated with magical radiation.
You are incapable of wielding weapons or throwing items.
Your dull iron-grey scales are very hard. (AC +12)
You are amphibious.
You cannot fit into any form of body armour.
You are cold-blooded and may be slowed by cold attacks.


   Skills:
 - Level 9.0 Fighting
 - Level 1.7 Dodging
 - Level 9.0 Unarmed Combat
 - Level 6.0 Necromancy
 - Level 3.0 Evocations
 + Level 11.9 Shapeshifting


You had 7 spell levels left.
You knew the following spells:

 Your Spells              Type           Power      Damage    Failure   Level
f - Fugue of the Fallen   Necr           16%        N/A       8%          3

Your spell library contained the following spells:

 Spells                   Type           Power      Damage    Failure   Level
 Necrotise                Necr           64%        1d7       2%          1
 Vampiric Draining        Necr           16%        2d7       8%          3
 Kiss of Death            Conj/Necr      32%        2d7       9%          1
 Slow                     Hex            0%         N/A       28%         1
 Ensorcelled Hibernation  Hex/Ice        0%         N/A       41%         2
 Lesser Beckoning         Tloc           0%         N/A       41%         2
 Anguish                  Hex/Necr       4%         N/A       63%         4
 Confusing Touch          Hex            0%         N/A       65%         3
 Gell's Gravitas          Tloc           0%         N/A       65%         3
 Passwall                 Erth           0%         N/A       65%         3
 Sigil of Binding         Hex            0%         N/A       65%         3
 Swiftness                Air            0%         N/A       65%         3
 Teleport Other           Tloc           0%         N/A       65%         3
 Tukima's Dance           Hex            0%         N/A       65%         3
 Dimensional Bullseye     Hex/Tloc       0%         N/A       96%         4
 Ignite Poison            Fire/Alch      0%         N/A       96%         4
 Iskenderun's Mystic Bla  Conj/Tloc      0%         2d3       96%         4
 Sticky Flame             Fire/Alch      0%         2d4       96%         4
 Ignition                 Fire           0%         3d3       100%        8

Inventory:

Hand Weapons
 m - a +0 dagger of draining (melded)
Missiles
 t - 35 poisoned darts (quivered)
Armour
 D - the +0 cloak of Fuomem (worn) {rF+}
   (You found it on level 8 of the Dungeon)

   rF+:       It protects you from fire.
Jewellery
 C - a ring of protection from cold (left hand)
 R - a ring of resist corrosion
 S - a +6 ring of strength (right hand)
Talismans
 b - a beast talisman
 c - a flux talisman (active)
 G - a granite talisman
Wands
 h - a wand of charming (17)
 q - a wand of mindburst (11)
 F - a wand of digging (3)
Scrolls
 f - a scroll of revelation {unknown}
 g - 2 scrolls of teleportation {@r2}
 l - 2 scrolls of amnesia {unknown}
 p - a scroll of fear {unknown}
 s - 3 scrolls of enchant armour
 v - a scroll of immolation {unknown}
 w - 3 scrolls of vulnerability {unknown}
 y - 2 scrolls of enchant weapon {unknown}
 A - a scroll of acquirement {unknown}
 I - a scroll of poison {unknown}
Potions
 a - a potion of lignification
 d - a potion of degeneration {unknown}
 i - a potion of heal wounds {unknown}
 j - 2 potions of cancellation {unknown}
 k - 4 potions of curing {@q1}
 n - a potion of enlightenment {unknown}
 o - a potion of invisibility {unknown}
 r - a potion of attraction
 u - 5 potions of might
 x - a potion of ambrosia
 z - a potion of berserk rage {unknown}
 B - a potion of haste {@q3}
 E - a potion of magic {unknown}
Miscellaneous
 H - a phantom mirror

Dungeon Overview and Level Annotations

Branches:
Dungeon (10/15)            Temple (1/1) D:5            Lair (0/5) D:9
    Orc (0/2) D:9

Altars:
Ashenzari
Cheibriados
Dithmenos
Elyvilon
Fedhas
Gozag
Hepliaklqana
Kikubaaqudgha
Makhleb
Nemelex Xobeh
Okawaru
Qazlal
Ru
Sif Muna
Trog
Uskayaw
Vehumet
Wu Jian
Xom
Yredelemnul
Zin
The Shining One

Shops:
D:6

** ...░.........░.#
..░.░.░.░.░.░.#
░.░.........░.#
░.░.░.░.░.░.░.#
░.'.........'.##
░░.░.░.░.░.░.░..)
░░..░..)......░..#
░.░░░░░W..░.░.░.░.░.░.##
░....c)p.░░.........░.#
░░░░░R░░░░░░░░░+░░░░░.#
..° ░.# ..░░░ ░.# ░. ░.#
░ ░.# +.# ## #.


You could see a centaur warrior, an efreet and a wraith.


Message History

The wraith is lightly damaged.
The wailing of tortured souls fills the air!
The wraith barely misses you. The wraith hits you.
* * * LOW HITPOINT WARNING * * *
Unknown command.
You hit the wraith but do no damage.
The wraith glows dangerously bright.
The wraith is lightly damaged.
The wailing of tortured souls fills the air!
The wraith barely misses you. The wraith hits you.
* * * LOW HITPOINT WARNING * * *
The wraith hits you!
* * * LOW HITPOINT WARNING * * *
The wraith drains your vigour!
You feel as though you will be slow longer.
The wraith completely misses you.
You hit the wraith.
The wraith shudders as magic cascades through it!!!
You destroy the wraith!
Kikubaaqudgha accepts your kill.
The centaur warrior shoots an arrow.
The arrow hits you.
* * * LOW HITPOINT WARNING * * *
The wraith hits you but does no damage.
The centaur warrior shoots an arrow.
The arrow hits you!
* * * LOW HITPOINT WARNING * * *
Unknown command.
As you read the scroll of teleportation {@r2}, it crumbles to dust.
You feel strangely unstable.
The centaur warrior shoots an arrow.
The arrow hits you!
You die...
Kikubaaqudgha rasps: "You have failed me!
Welcome... death!"

Skill      XL: |  1  2  3  4  5  6  7  8  9 10 11 |
---------------+----------------------------------+-----
Fighting       | 2 3 4 5 6 8 9 |  9.0
Evocations     | 1 2 3 |  3.0
Shapeshifting  | 4 5 6 7 8 10 11 | 11.9
Unarmed Combat | 4 5 8 9 |  9.0
Necromancy     | 5 6 |  6.0
Dodging        | |  1.7

Action                     |  1- 3 |  4- 6 |  7- 9 | 10-12 || total
---------------------------+-------+-------+-------+-------++-------
  Melee: Unarmed           |    96 |    57 |   176 |   262 ||   591
         Tailslap          |     9 |    28 |    55 |    53 ||   145
         Dagger            |       |   164 |   186 |       ||   350
         Punch             |       |     4 |    15 |       ||    19
  Throw: Dart              |       |       |     3 |       ||     3
   Cast: Fugue of the Fall |       |       |     5 |    11 ||    16
  Evoke: Wand              |       |       |     6 |       ||     6
    Use: Scroll            |       |       |       |     7 ||     7
         Potion            |       |       |       |     1 ||     1
   Stab: Sleeping          |       |     3 |       |       ||     3
         Distracted        |       |     1 |       |       ||     1
 Armour: Skin              |    41 |   135 |   220 |   183 ||   579
  Dodge: Dodged            |    48 |   109 |   271 |   213 ||   641
   Form: Flux              |       |       |     1 |       ||     1

Levels and vault maps discovered:
D:1:      zaba_arrival_water, layout_basic,
          dreamdust_ecumenical_altar_drowned_temple, serial_rivers,
          chequers_serial_rivers_small_3, chequers_serial_rivers_room_a,
          chequers_serial_rivers_micro_b, chequers_serial_rivers_micro_a
D:2:      layout_basic, minmay_pentomino_v4, uniq_natasha
D:3:      layout_basic, mainiacjoe_overflow_brackets, xom_redecorated,
          lemuel_blue_sif_altar, uniq_ijyb
D:4:      layout_basic, mainiacjoe_overflow_alcove_2,
          nicolae_qazlal_beasts_of_the_sky, serial_forest,
          infiniplex_forest_straight_2, infiniplex_forest_corner_1,
          infiniplex_forest_straight_1, infiniplex_forest_straight_3,
          infiniplex_forest_lined_4_way
D:5:      layout_basic, mainiacjoe_overflow_small_starburst,
          minmay_temple_entry_proselytizer
D:6:      layout_basic, fiery_altar_vehumet, serial_rivers,
          chequers_serial_rivers_small_b, chequers_serial_rivers_large_a,
          chequers_serial_rivers_micro_d, chequers_serial_rivers_marsh,
          chequers_serial_rivers_room_b, serial_shops, shop, kennysheep_mini
D:7:      layout_cave_pools, nemelex_diamond_rough_becter, old_standard_altar,
          gammafunk_temple_overflow_pools, minmay_misc_feat_enclosed
D:8:      layout_rooms
D:9:      layout_gridville, erik_lair_dragon,
          kennysheep_orc_monster_closet_entryway, serial_demonic,
          serial_demonic_c, serial_demonic_g, serial_demonic_b,
          serial_demonic_e, chequers_serial_rivers_micro_e
D:10:     minmay_the_grid_3x3 [minmay_the_grid_fan, minmay_the_grid_medium_cups,
          minmay_the_grid_dragon_b, minmay_the_grid_mess,
          minmay_the_grid_dragon_a, minmay_the_grid_minigrid_small,
          minmay_the_grid_aliased_spiral, minmay_the_grid_minigrid_medium,
          minmay_the_grid_prize_inner_circle], layout_loops_ring,
          nicolae_hepliaklqana_hazy_memory, uniq_nergalle, uniq_josephine
Temple:   hellmonk_temple_flake

Notes
Turn   | Place    | Note
-------+----------+-------------------------------------------
     0 | D:1      | Zhilex the Draconian Shapeshifter began the quest for the
                  | Orb.
     0 | D:1      | Reached XP level 1. HP: 16/16 MP: 1/1
   104 | D:1      | Reached skill level 2 in Fighting
   158 | D:1      | Reached XP level 2. HP: 25/25 MP: 2/2
   297 | D:1      | Found a faded altar of an unknown god.
   440 | D:1      | Reached skill level 3 in Fighting
  1086 | D:2      | Reached XP level 3. HP: 31/31 MP: 3/3
  1132 | D:2      | Noticed Natasha
  1137 | D:2      | Killed Natasha
  1138 | D:2      | Reached skill level 1 in Evocations
  1262 | D:2      | Reached XP level 4. HP: 38/40 MP: 4/4
  1323 | D:2      | Reached skill level 4 in Fighting
  1348 | D:2      | Noticed Natasha
  1362 | D:2      | HP: 1/40 [Natasha (5)]
  1367 | D:2      | Killed Natasha
  1368 | D:2      | Reached skill level 2 in Evocations
  1660 | D:2      | Noticed Natasha
  1670 | D:2      | Killed Natasha
  1671 | D:2      | Reached XP level 5. HP: 43/47 MP: 5/5
  2145 | D:3      | Found a snail-covered altar of Cheibriados.
  2344 | D:3      | Reached skill level 5 in Fighting
  2344 | D:3      | Reached skill level 4 in Shapeshifting
  2415 | D:3      | Found a shimmering altar of Xom.
  2417 | D:3      | Found a shimmering altar of Xom.
  2418 | D:3      | Found a shimmering altar of Xom.
  2418 | D:3      | Found a shimmering altar of Xom.
  2442 | D:3      | Noticed Ijyb
  2453 | D:3      | Killed Ijyb
  2454 | D:3      | Reached XP level 6. HP: 12/56 MP: 6/6
  3079 | D:3      | Found a shimmering blue altar of Sif Muna.
  3367 | D:4      | Found a stormy altar of Qazlal.
  3370 | D:4      | Noticed a sky beast
  3393 | D:4      | Killed a sky beast
  3394 | D:4      | Reached skill level 3 in Evocations
  3394 | D:4      | Reached skill level 5 in Shapeshifting
  3702 | D:4      | Found a hide-covered altar of Uskayaw.
  3765 | D:4      | Noticed a hornet
  3787 | D:4      | Your scales start taking on a dull iron-grey colour.
  3787 | D:4      | Reached XP level 7. HP: 43/61 MP: 7/7
  3792 | D:4      | Killed a hornet
  4054 | D:4      | Reached skill level 4 in Unarmed Combat
  4336 | D:5      | Entered Level 5 of the Dungeon
  4402 | D:5      | Reached skill level 6 in Fighting
  4766 | D:5      | Reached skill level 6 in Shapeshifting
  4766 | D:5      | Reached XP level 8. HP: 70/70 MP: 8/8
  4797 | D:5      | Learned a level 3 spell: Fugue of the Fallen
  5215 | D:5      | Found a bloodstained altar of Trog.
  5483 | D:5      | Reached skill level 5 in Unarmed Combat
  5483 | D:5      | Reached skill level 1 in Necromancy
  5493 | D:5      | Found a staircase to the Ecumenical Temple.
  5505 | Temple   | Entered the Ecumenical Temple
  5706 | D:6      | Reached skill level 2 in Necromancy
  6016 | D:6      | Found a radiant altar of Vehumet.
  6042 | D:6      | Found Vunaunu's General Store.
  6053 | D:6      | Reached skill level 3 in Necromancy
  6053 | D:6      | Reached skill level 7 in Shapeshifting
  6277 | D:6      | Found Yladifut's Assorted Antiques.
  6607 | D:6      | Reached skill level 4 in Necromancy
  6771 | D:7      | Reached skill level 5 in Necromancy
  6828 | D:7      | Reached XP level 9. HP: 43/77 MP: 9/9
  7107 | D:7      | Found an ornate altar of the Wu Jian Council.
  7253 | D:7      | Noticed a two-headed ogre
  7265 | D:7      | Killed a two-headed ogre
  7266 | D:7      | Reached skill level 7 in Fighting
  7266 | D:7      | Reached skill level 7 in Unarmed Combat
  7458 | D:7      | Found a sparkling altar of Nemelex Xobeh.
  7530 | D:7      | Found an iron altar of Okawaru.
  7530 | D:7      | Found an ancient bone altar of Kikubaaqudgha.
  7553 | D:7      | Became a worshipper of Kikubaaqudgha
  7589 | D:8      | Identified the +0 cloak of Fuomem {rF+}
  7742 | D:8      | Identified the +3 sling "Yguicky" {speed, rC- Dex+3 Stlth+}
  8070 | D:9      | Noticed a two-headed ogre
  8077 | D:9      | Killed a two-headed ogre
  8078 | D:9      | Reached skill level 8 in Fighting
  8078 | D:9      | Reached skill level 8 in Unarmed Combat
  8078 | D:9      | Reached skill level 8 in Shapeshifting
  8078 | D:9      | Reached XP level 10. HP: 54/88 MP: 10/10
  8251 | D:9      | Reached skill level 6 in Necromancy
  8477 | D:9      | Noticed a sixfirhy
  8493 | D:9      | Killed a sixfirhy
  8494 | D:9      | Reached skill level 9 in Shapeshifting
  8494 | D:9      | Noticed a smoke demon
  8517 | D:9      | HP: 7/88 [smoke demon/divine providence (16)]
  8767 | D:9      | Killed a smoke demon
  8999 | D:9      | Found a staircase to the Orcish Mines.
  9030 | D:9      | Reached * piety under Kikubaaqudgha
  9030 | D:9      | Received a gift from Kikubaaqudgha
  9360 | D:9      | Reached skill level 9 in Fighting
  9396 | D:9      | Reached skill level 9 in Unarmed Combat
  9636 | D:9      | Reached skill level 10 in Shapeshifting
  9636 | D:9      | Reached XP level 11. HP: 84/97 MP: 11/11
 10149 | D:9      | Found a staircase to the Lair.
 10162 | D:9      | Noticed a two-headed ogre
 10172 | D:9      | Killed a two-headed ogre
 10173 | D:9      | Reached skill level 11 in Shapeshifting
 10389 | D:9      | Noticed a two-headed ogre
 10397 | D:9      | Killed a two-headed ogre
 10442 | D:10     | Entered Level 10 of the Dungeon
 10497 | D:10     | Found a hazy altar of Hepliaklqana.
 10570 | D:10     | Reached ** piety under Kikubaaqudgha
 10674 | D:10     | Noticed Josephine
 10686 | D:10     | Noticed a centaur warrior
 10689 | D:10     | Noticed an orc knight
 10690 | D:10     | Killed Josephine
 10701 | D:10     | Shot with an arrow by a centaur warrior

Vanquished Creatures
  Josephine (D:10)
  4 two-headed ogres
  A sixfirhy (D:9)
  A smoke demon (D:9)
  3 komodo dragons (D:9)
  4 trolls (D:9)
  A hornet (D:4)
  2 wraiths (D:10)
  A shadow (D:10)
  4 yaks (D:9)
  A basilisk (D:9)
  4 wyverns
  A water moccasin (D:7)
  3 orc warriors (D:7)
  A swamp drake (D:9)
  3 ice beasts
  2 sky beasts
  2 black bears
  3 ogres
  5 kobold brigands
  6 bullfrogs
  3 gnoll sergeants (D:9)
  2 scorpions (D:5)
  A wight (D:10)
  6 killer bees (D:9)
  7 howler monkeys
  2 bombardier beetles
  4 quasits (D:9)
  A hound (D:3)
  A jelly (D:6)
  2 gnoll boudas
  4 orc priests
  3 sleepcaps
  6 iguanas
  Ijyb (D:3)
  Natasha (thrice) (D:2)
  9 orc wizards
  10 gnolls
  11 adders
  A white imp (D:7)
  4 dart slugs
  5 ribbon worms
  22 orcs
  10 endoplasms
  3 giant cockroaches
  10 hobgoblins
  A jackal (D:2)
  5 quokkas
  3 ball pythons
  5 bats
  5 frilled lizards
  11 goblins
  14 kobolds
  7 rats
  A spectral hobgoblin (D:1)
236 creatures vanquished.

Table legend: (Time is in decaauts)
 A = Elapsed time spent in this place.
 B = Non-inter-level travel time spent in this place.
 C = Inter-level travel time spent in this place.
 D = Time resting spent in this place.
 E = Time spent auto-exploring this place.
 F = Levels seen in this place.
 G = Mean time per level.
                   A        B        C        D        E       F      G
               +--------+--------+--------+--------+--------+-----+--------+
         Total |  10671 |  10314 |    357 |   1902 |   6563 |  11 |  970.1 |
       Dungeon |  10669 |  10313 |    356 |   1902 |   6563 |  10 | 1066.9 |
        Temple |      1 |      0 |      1 |      0 |      0 |   1 |    1.0 |
               +--------+--------+--------+--------+--------+-----+--------+

Top non-repeatable levels by time:
     D:9: 2155 daAuts
     D:4: 1299 daAuts
     D:5: 1105 daAuts
     D:6: 1080 daAuts
     D:2: 1075 daAuts
     D:1: 1074 daAuts
     D:3: 1023 daAuts
     D:7: 930 daAuts
     D:8: 666 daAuts
    D:10: 259 daAuts
  Temple: 1 daAuts

Table legend:
 A = Non-vault XP
 B = Vault XP
 C = Vault XP percentage of total XP
 D = Non-vault monster count
 E = Vault monster count
 F = Vault count percentage of total count
                 A         B        C        D         E       F
            +---------+---------+-------+---------+---------+-------
      Total |   10306 |    6198 |  37.6 |     189 |      47 |  19.9
            +---------+---------+-------+---------+---------+-------
        D:1 |      37 |       1 |   2.6 |      23 |       1 |   4.2
        D:2 |     184 |      45 |  19.7 |      26 |       5 |  16.1
        D:3 |     128 |      35 |  21.5 |      25 |       1 |   3.8
        D:4 |     638 |     132 |  17.1 |      19 |       1 |   5.0
        D:5 |     516 |      41 |   7.4 |      10 |       1 |   9.1
        D:6 |     606 |       0 |   0.0 |      16 |       0 |   0.0
        D:7 |    1978 |       0 |   0.0 |      25 |       0 |   0.0
        D:8 |     970 |       0 |   0.0 |      11 |       0 |   0.0
        D:9 |    5138 |    4194 |  44.9 |      28 |      31 |  52.5
       D:10 |     111 |    1750 |  94.0 |       6 |       7 |  53.8
            +---------+---------+-------+---------+---------+-------
